 Dungeon Crawl Stone Soup version 0.28.0-43-g3370ac3207 (webtiles) character file.

Game seed: 5945636035736986894

345 olmar the Cudgeller (level 6, -5/39 HPs)
             Began as a Gargoyle Fighter on Mar 24, 2022.
             Slain by a bullfrog (6 damage)
             ... in a sewer.
             The game lasted 00:05:22 (3745 turns).

olmar the Cudgeller (Gargoyle Fighter)              Turns: 3745, Time: 00:05:22

Health: -5/39      AC: 16    Str: 21 (22) XL:     6   Next: 58%
Magic:  6/6        EV:  9    Int:  5 (8)  God:
Gold:   63         SH:  4    Dex:  8 (9)  Spells: 5/5 levels left

rFire   . . .      SeeInvis .   a - +0 flail
rCold   . . .      Faith    .   c - +0 buckler
rNeg    + . .      Spirit   .   b - +0 scale mail
rPois   ∞          Reflect  .   (no helmet)
rElec   +          Harm     .   (no cloak)
rCorr   .          Rampage  .   h - +0 pair of gloves
Will    +....                   (no boots)
Stlth   ..........              (no amulet)
HPRegen 0.13/turn               e - ring of willpower
MPRegen 0.10/turn               f - +4 ring of protection

@: hasted, very quick
A: sickness immunity, AC +4, negative energy resistance 1, electricity
resistance, torment resistance 1, petrification resistance
a: no special abilities


You were in a sewer.
You visited 1 branch of the dungeon, and saw 3 of its levels.
You also visited: Sewer.

You collected 63 gold pieces.

Inventory:

Hand Weapons
 a - a +0 flail (weapon)
Armour
 b - a +0 scale mail (worn)
 c - a +0 buckler (worn)
 h - a +0 pair of gloves (worn)
Jewellery
 e - a ring of willpower (left hand)
 f - a +4 ring of protection (right hand)
Scrolls
 n - a scroll of teleportation {unknown}
Potions
 i - 2 potions of mutation
 k - a potion of cancellation
 m - a potion of degeneration


   Skills:
 + Level 4.4 Fighting
 + Level 4.8 Maces & Flails
 + Level 4.6 Armour
 + Level 4.2 Shields


You had 5 spell levels left.
You didn't know any spells.
Your spell library was empty.

Dungeon Overview and Level Annotations

Branches:
Dungeon (3/15)              Sewer (1/1)

Altars:

Annotations:
D:2 1 runed translucent door, Crazy Yiuf


Innate Abilities, Weirdness & Mutations

You are immune to sickness and miasma.
Your stone body is resilient. (AC +4)
You are immune to poison.
You resist negative energy. (rN+)
You are resistant to electric shocks. (rElec)
You are resistant to unholy torment.
You are immune to petrification.


Message History

Unknown command.
You escape the ball python's grasp.
You enter the shallow water.
Moving in this stuff is going to be slow.
The adder bites you but does no damage. You block the bullfrog's attack.
The bullfrog hits you but does no damage.
Unknown command.
The adder bites you but does no damage. You block the bullfrog's attack.
The adder bites you but does no damage. You block the bullfrog's attack.
The adder bites you.
* * * LOW HITPOINT WARNING * * *
The bullfrog hits you but does no damage.
The bullfrog hits you.
* * * LOW HITPOINT WARNING * * *
You block the adder's attack.
Unknown command.
The bullfrog hits you but does no damage.
Unknown command.
You barely miss the adder.
The adder is heavily wounded.
The bullfrog hits you but does no damage. x2
Unknown command.
Unknown command.
You see here a river rat corpse.
The bullfrog hits you but does no damage.
The bullfrog hits you but does no damage.
There is an open door here.
The bullfrog snags a nearby mouse with its tongue.
You are too injured to fight recklessly!
You are too injured to fight recklessly!
Unknown command.
You barely miss the bullfrog. The bullfrog hits you!
* * * LOW HITPOINT WARNING * * *
Unknown command.
You hit the bullfrog but do no damage. The bullfrog barely misses you.
Unknown command.
You completely miss the bullfrog. You block the bullfrog's attack.
The bullfrog snags a nearby moth with its tongue.
The bullfrog hits you.
You die...

≈≈≈≈≈≈≈≈.≈≈≈≈≈≈....##
≈≈≈≈≈≈≈≈)≈≈≈≈≈≈.....#
≈≈≈≈≈≈≈≈.≈≈≈≈≈≈.÷...#
≈≈≈≈≈≈≈...≈≈≈≈≈÷÷...##
≈≈≈≈≈≈≈≈≈≈≈≈≈≈≈#.....#
#################....#
##...## #####...#
#.@FS...# #..#S...#
####...##
#################..††#
≈≈≈≈≈≈≈≈≈≈≈≈≈≈≈......#
≈≈≈≈≈≈≈≈≈≈≈≈≈≈≈≈....##
≈≈≈≈≈≈≈≈≈≈≈≈≈≈J.....#
≈≈≈≈≈≈≈≈#≈≈≈≈≈≈.....#
≈≈≈≈≈≈..≈≈≈≈≈≈≈≈...##


You could see a bullfrog, an adder and a ball python.

Vanquished Creatures
  A bullfrog (Sewer)
  8 adders
  8 river rats
  2 worms (D:2)
  2 dart slugs
  5 orcs (D:3)
  14 ball pythons
  9 endoplasms
  3 giant cockroaches
  7 goblins (D:1)
  8 hobgoblins
  5 jackals (D:1)
  5 kobolds
  8 quokkas
  4 bats
  8 frilled lizards
  32 rats
129 creatures vanquished.

Notes
Turn   | Place    | Note
-------+----------+-------------------------------------------
     0 | D:1      | olmar the Gargoyle Fighter began the quest for the Orb.
     0 | D:1      | Reached XP level 1. HP: 14/14 MP: 1/1
   171 | D:1      | Reached XP level 2. HP: 17/19 MP: 2/2
   640 | D:1      | Reached XP level 3. HP: 14/24 MP: 3/3
  1664 | D:2      | Reached XP level 4. HP: 27/29 MP: 4/4
  1885 | D:2      | Found a runed translucent door.
  1886 | D:2      | Noticed Crazy Yiuf
  1987 | D:2      | Found a faded altar of an unknown god.
  2654 | D:3      | Reached XP level 5. HP: 25/33 MP: 5/5
  2891 | D:3      | Found a glowing drain.
  2909 | Sewer    | Entered a sewer
  3229 | Sewer    | Reached XP level 6. HP: 31/38 MP: 6/6
  3743 | Sewer    | HP: 1/39 [bullfrog (7)]
  3745 | Sewer    | Slain by a bullfrog

Illustrated notes

Levels and vault maps discovered:
D:1:      shiori_shiawase, layout_loops_cross, roderic_serpentine_path
D:2:      layout_loops_cross, hellmonk_ecumenical_altar_arch_garden,
          uniq_crazy_yiuf_cottage
D:3:      layout_loops_ring, gup_sewer_entry_bubbles, minmay_cut_off
Sewer:    sewer_minmay_w

Skill      XL: |  1  2  3  4  5 |
---------------+----------------+-----
Maces & Flails | 3 4 |  4.8
Armour         | 4 |  4.6
Fighting       | 4 |  4.4
Shields        | 4 |  4.2

Action                   |  1- 3 |  4- 6 || total
-------------------------+-------+-------++-------
Melee: Flail             |   153 |   345 ||   498
  Use: Scroll            |       |     8 ||     8
       Potion            |       |     6 ||     6
Armor: Scale mail        |    88 |   324 ||   412
Dodge: Dodged            |    55 |   252 ||   307
Block: Buckler           |    31 |   123 ||   154
